 Dungeon Crawl Stone Soup version 0.27-a0-1287-gca74d27db6 (webtiles) character file.

Game seed: 5671833821989377573

0 spiderkeys the Skirmisher (level 1, -2/18 HPs)
             Began as a Merfolk Abyssal Knight on June 14, 2021.
             Was a Follower of Lugonu.
             Slain by a great orb of eyes (7 damage)
             ... on level 2 of the Abyss.
             The game lasted 00:00:40 (143 turns).

spiderkeys the Skirmisher (Merfolk Abyssal Knight)   Turns: 143, Time: 00:00:41

Health: -2/18      AC:  3    Str: 12    XL:     1   Next: 0%
Magic:  2/2        EV: 12    Int: 11    God:    Lugonu [*.....]
Gold:   28         SH:  0    Dex: 13    Spells: 0/0 levels left

rFire    . . .     SeeInvis .   a - +1 spear
rCold    . . .     Faith    .   (no shield)
rNeg     . . .     Spirit   .   b - +0 leather armour
rPois    .         Reflect  .   (no helmet)
rElec    .         Harm     .   (no cloak)
rCorr    .         Rampage  .   (no gloves)
Will     .....                  (no boots)
Stlth    +.........             (no amulet)
HPRegen  0.06/turn              (no ring)
MPRegen  0.08/turn              (no ring)

@: confused, weak-willed
A: (nimble swimmer 2), mertail
a: Renounce Religion, Depart the Abyss


You were on level 2 of the Abyss.
You worshipped Lugonu.
Lugonu was aware of your devotion.
You visited 0 branches of the dungeon, and saw 0 of its levels.
You visited the Abyss 1 time.

You collected 28 gold pieces.


Innate Abilities, Weirdness & Mutations

((You are quick and stealthy near water. (Stealth+, EV+, Speed+++)))
Your lower body shifts to a powerful aquatic tail in water.


   Skills:
 + Level 3.2 Fighting
 + Level 3.0 Polearms
 + Level 0.6 Armour
 + Level 2.6 Dodging
 + Level 2.0 Invocations


You couldn't memorise any spells.
You didn't know any spells.
Your spell library was empty.

Inventory:

Hand Weapons
 a - a +1 spear (weapon)
Armour
 b - a +0 leather armour (worn)
Jewellery
 R - a ring of resist corrosion
   (You found it on level 2 of the Abyss)
Scrolls
 c - a scroll of vulnerability {!r!r}

Dungeon Overview and Level Annotations

Branches:
Dungeon (0/15)

Altars:

. #. ##.#
#...# .####.
.... ... ..#
##....
##.##### #...
#...G..#....
#.#.@...# ###
##......#...
##
##..#....#...
#....#.#..##
#.###.###.#.#
###.####..##
# ..# #.#..#
# # #.# #
.### ##. ##
## # . ... ..
.


You could see a great orb of eyes.


Message History

🤖 Initializing magus.rc ...
Options error: Delay interrupt name "hungry" not recognised. (~/.crawlrc:4988) ✅ Successfully initialized magus.rc [v1.9.10] Welcome, spiderkeys the Merfolk Abyssal Knight.
The bosom of this dungeon contains the transcendent artefact, the Orb of Zot.
Lugonu says: Depart the Abyss and spread corruption, my servant! (use the ability menu to exit the Abyss) Press ? for a list of commands and other information.
Found a corrupted altar of Lugonu.
There is a corrupted altar of Lugonu here.
A tentacled starspawn comes into view.
Found a gateway leading out of the Abyss.
Tentacles burst from the starspawn's body! 2 starspawn tentacles come into view.
Tentacles burst from the starspawn's body! 2 starspawn tentacles come into view.
Found a gateway leading deeper into the Abyss.
There is a gateway leading deeper into the Abyss here.
You plunge deeper into the Abyss.
Found 14 gold pieces.
Found a corrupted altar of Lugonu.
You now have 14 gold pieces.
c - 2 scrolls labelled TAIZERCH UNUUTU
R - a ring of resist corrosion
As you read the scroll labelled TAIZERCH UNUUTU, it crumbles to dust.
Magic quickly surges around you.
It was a scroll of vulnerability.
A small abomination comes into view.
You now have 28 gold pieces (gained 14).
A great orb of eyes comes into view.
The great orb of eyes turns its gaze towards you.
You reach to attack!
You barely miss the great orb of eyes. The great orb of eyes gazes at you.
You suddenly lose the ability to move!
You can move again.
You hit the great orb of eyes but do no damage.
The great orb of eyes bites you!
Ouch! That really hurt!
* * * LOW HITPOINT WARNING * * *
😨 HP[-11]
You take 11 damage, and now have 7/18 hp.
MASSIVE DAMAGE!! (PAUSE)
The great orb of eyes gazes at you.
Your mind is blasted!
* * * LOW HITPOINT WARNING * * *
😨 HP[-2]
You take 2 damage, and now have 5/18 hp.
The great orb of eyes gazes at you.
You are confused.
You bump into the rock wall.
The great orb of eyes barely misses you.
The great orb of eyes bites you but does no damage.
You hit the great orb of eyes. The great orb of eyes bites you!
You die...

Action                   || total
-------------------------++-------
Melee: Spear             ||     3
  Use: Scroll            ||     1
Armor: Leather armour    ||     1
Dodge: Dodged            ||     1

Levels and vault maps discovered:
Abyss:2:  base:
Temple

Notes
Turn   | Place    | Note
-------+----------+-------------------------------------------
     0 | Abyss:1  | spiderkeys the Merfolk Abyssal Knight began the quest for
                  | the Orb.
     0 | Abyss:1  | Reached XP level 1. HP: 18/18 MP: 2/2
     0 | Abyss:1  | magus.rc [v1.9.10]
    59 | Abyss:1  | Noticed a tentacled starspawn
    84 | Abyss:2  | Found a corrupted altar of Lugonu.
   117 | Abyss:2  | Noticed a small abomination
   129 | Abyss:2  | Noticed a great orb of eyes
   132 | Abyss:2  | Paralysed by a great orb of eyes for 3 turns
   143 | Abyss:2  | Slain by a great orb of eyes

Vanquished Creatures (others)
  4 starspawn tentacles (Abyss:1)
4 creatures vanquished.

Table legend:
 A = Non-vault XP
 B = Vault XP
 C = Vault XP percentage of total XP
 D = Non-vault monster count
 E = Vault monster count
 F = Vault count percentage of total count
                 A         B        C        D         E       F
            +---------+---------+-------+---------+---------+-------
      Total |       0 |       0 |   N/A |       0 |       0 |  -nan
            +---------+---------+-------+---------+---------+-------
            +---------+---------+-------+---------+---------+-------

Illustrated notes

Table legend: (Time is in decaauts)
 A = Elapsed time spent in this place.
 B = Non-inter-level travel time spent in this place.
 C = Inter-level travel time spent in this place.
 D = Time resting spent in this place.
 E = Time spent auto-exploring this place.
 F = Levels seen in this place.
 G = Mean time per level.
                   A        B        C        D        E       F      G
               +--------+--------+--------+--------+--------+-----+--------+
         Total |    142 |    142 |      0 |      0 |     59 |   2 |   71.0 |
         Abyss |    142 |    142 |      0 |      0 |     59 |   2 |   71.0 |
               +--------+--------+--------+--------+--------+-----+--------+

Top non-repeatable levels by time:
 Abyss:1: 82 daAuts
 Abyss:2: 60 daAuts
